AoeStats
← 从不压堡之人

Fortress

509575187Analyzed
4v4 RM · 5d ago on Sep 27, 2026· 66m 36s· 8 players
Game mode
Random Map
Map size
Huge
Population
200
Speed
Normal
Resources
Standard
Victory
Conquest
Starting age
Dark Age
Ending age
Imperial Age
RankedLock teamsTeams togetherTeam positionsShared explorationLock speedFull tech treeHidden civsTurbo modeCheats
Victory
Defeat
🇳🇱 Sicilians · Netherlands
1039
+16
🇩🇪 Khmer · Germany
1023
+17
🇨🇳 Romans · China
1022
+17
🇨🇳 Huns · China
1001
+18
1093
-19
🇨🇳 Spanish · China
1047
-17
🇨🇳 Saracens · China
1038
-17
1001
-15
wqq1997
7:27 Feudal Age
11:35 Castle Age
9:56 Double-Bit Axe
10:30 Horse Collar
13:13 Bow Saw
16:06 Loom
19:16 Wheelbarrow
20:16 Heavy Plow
24:37 Imperial Age
25:05 Gold Mining
26:19 Hand Cart
26:49 Gold Shaft Mining
26:06 Stone Mining
28:32 Chemistry
27:53 Ballistics
29:54 Caravan
30:25 Conscription
30:31 Ballistas
31:10 Guilds
32:16 Heavy Scorpion
32:57 Capped Ram
34:29 Siege Engineers
33:53 Siege Ram
35:59 Fortified Wall
36:04 Masonry
36:57 Fletching
37:07 Padded Archer Armor
39:07 Architecture
38:32 Murder Holes
42:15 Pikeman
42:56 Squires
43:09 Forging
43:00 Scale Mail Armor
42:53 Halberdier
44:37 Iron Casting
44:56 Chain Mail Armor
47:09 Blast Furnace
47:01 Onager
50:32 Bodkin Arrow
54:36 Crop Rotation
King_Slayyyer23
8:31 Feudal Age
11:33 Castle Age
9:21 Horse Collar
9:31 Double-Bit Axe
12:51 Bow Saw
15:27 Loom
16:38 Heavy Plow
16:52 Gold Mining
18:08 Wheelbarrow
19:55 Hand Cart
24:34 Imperial Age
23:59 Scale Barding Armor
24:05 Forging
23:46 Fletching
24:19 Ballistics
24:10 Fortified Wall
24:11 Masonry
23:57 Murder Holes
23:50 Town Watch
24:13 Stone Mining
24:52 Husbandry
25:02 Bloodlines
26:39 Elite Battle Elephant
27:44 Conscription
29:24 Tusk Swords
30:00 Heavy Scorpion
32:41 Light Cavalry
33:58 Chain Barding Armor
34:14 Iron Casting
34:49 Chemistry
33:55 Siege Engineers
34:18 Hussar
36:05 Plate Barding Armor
36:20 Bodkin Arrow
37:29 Blast Furnace
40:45 Double Crossbow
40:06 Elite Ballista Elephant
40:47 Capped Ram
Hao
8:30 Feudal Age
12:57 Castle Age
10:52 Double-Bit Axe
10:50 Horse Collar
14:51 Bow Saw
15:15 Heavy Plow
19:40 Gold Mining
20:55 Wheelbarrow
20:08 Loom
23:31 Thumb Ring
23:35 Padded Archer Armor
23:27 Fletching
24:46 Leather Archer Armor
25:31 Hand Cart
25:45 Ballistics
25:26 Bodkin Arrow
26:22 Marauders
32:04 Imperial Age
29:50 Forging
29:46 Scale Barding Armor
30:48 Bloodlines
30:39 Husbandry
31:39 Chain Barding Armor
31:54 Iron Casting
32:57 Bracer
33:59 Blast Furnace
33:36 Plate Barding Armor
34:04 Chemistry
34:38 Gold Shaft Mining
34:07 Elite Tarkan
35:08 Conscription
35:06 Elite Skirmisher
36:19 Parthian Tactics
42:49 Heavy Cavalry Archer
48:09 Atonement
47:45 Elite Skirmisher
50:45 Caravan
50:56 Guilds
51:48 Light Cavalry
52:31 Hussar
54:41 Masonry
54:29 Murder Holes
MrSniffers
1:00 Loom
7:56 Feudal Age
12:00 Castle Age
10:46 Fletching
12:14 Double-Bit Axe
12:11 Horse Collar
15:59 Loom
17:59 Bodkin Arrow
21:22 Padded Archer Armor
22:37 Gold Mining
23:44 Heavy Plow
27:31 Bow Saw
29:58 Wheelbarrow
29:52 Ballistics
30:18 Leather Archer Armor
34:58 Imperial Age
35:27 Masonry
35:38 Bracer
35:04 Cranequins
36:25 Hand Cart
37:18 Chemistry
泰拉之花.群山俯首
7:01 Feudal Age
7:40 Double-Bit Axe
11:49 Castle Age
11:16 Horse Collar
15:39 Bow Saw
17:40 Heavy Plow
19:05 Gold Mining
19:48 Loom
20:51 Wheelbarrow
21:17 Fletching
23:18 Hand Cart
23:26 Stone Mining
24:14 Gold Shaft Mining
23:58 Town Watch
27:50 Imperial Age
25:45 Corvinian Army
25:54 Scale Barding Armor
27:08 Chain Barding Armor
28:22 Bloodlines
28:14 Husbandry
28:24 Thumb Ring
28:23 Bodkin Arrow
28:28 Padded Archer Armor
29:12 Crop Rotation
29:17 Conscription
30:10 Two-Man Saw
29:52 Parthian Tactics
29:45 Light Cavalry
30:55 Elite Magyar Huszar
33:37 Hoardings
33:21 Heavy Cavalry Archer
34:04 Bracer
35:32 Masonry
36:51 Chemistry
36:51 Recurve Bow
42:55 Hussar
44:57 Leather Archer Armor
45:19 Plate Barding Armor
45:26 Plate Barding Armor
46:50 Ring Archer Armor
49:14 Caravan
50:02 Scale Mail Armor
53:16 Cavalier
55:14 Paladin
洗心革面重新做人TownYan
7:10 Feudal Age
10:45 Castle Age
8:56 Double-Bit Axe
8:51 Horse Collar
9:11 Horse Collar
14:58 Bow Saw
18:21 Wheelbarrow
17:32 Loom
17:48 Town Watch
18:17 Stone Mining
20:09 Hand Cart
20:08 Gold Mining
21:43 Gold Shaft Mining
21:19 Heavy Plow
24:54 Imperial Age
22:54 Scale Barding Armor
23:56 Masonry
24:02 Husbandry
24:12 Bloodlines
24:23 Chain Barding Armor
24:14 Forging
25:03 Caravan
26:03 Stone Shaft Mining
26:00 Conscription
25:45 Hauberk
25:05 Cavalier
28:20 Plate Barding Armor
28:20 Iron Casting
28:23 Hoardings
31:32 Blast Furnace
32:06 Chemistry
31:15 Siege Engineers
31:31 Ballistics
32:20 Guilds
35:02 Onager
37:39 Siege Onager
42:37 Crop Rotation
49:24 Padded Archer Armor
49:24 Scale Mail Armor
49:15 Fletching
49:22 Murder Holes
从不压堡之人
7:03 Feudal Age
10:41 Castle Age
8:40 Double-Bit Axe
8:58 Horse Collar
10:32 Wheelbarrow
12:11 Bow Saw
15:48 Loom
18:51 Fletching
24:50 Caravan
25:36 Town Watch
26:07 Hand Cart
26:55 Bodkin Arrow
27:11 Inquisition
28:15 Sanctity
28:06 Fervor
28:06 Redemption
30:36 Imperial Age
28:29 Gold Mining
28:30 Stone Mining
29:10 Husbandry
29:20 Bloodlines
29:23 Redemption
29:43 Scale Barding Armor
30:01 Ballistics
30:54 Chain Barding Armor
30:36 Town Patrol
32:24 Two-Man Saw
32:27 Chemistry
31:17 Guard Tower
31:13 Arrowslits
33:01 Theocracy
32:42 Block Printing
32:52 Illumination
32:39 Guilds
32:43 Bracer
33:18 Plate Barding Armor
33:23 Murder Holes
33:39 Masonry
33:18 Arrowslits
35:06 Supremacy
35:19 Fortified Wall
35:04 Murder Holes
36:53 Keep
36:28 Masonry
36:03 Elite Conquistador
48:26 Capped Ram
49:18 Heavy Plow
49:56 Hoardings
49:41 Conscription
48:51 Sappers
51:51 Bombard Tower
52:02 Architecture
55:36 Siege Ram
58:12 Spies/Treason
61:36 Forging
LLK是给
8:03 Feudal Age
8:35 Double-Bit Axe
8:59 Gold Mining
8:57 Horse Collar
11:43 Castle Age
12:59 Bow Saw
13:43 Heavy Plow
15:21 Loom
18:57 Wheelbarrow
20:15 Hand Cart
19:46 Town Watch
20:42 Gold Shaft Mining
25:04 Imperial Age
22:38 Stone Mining
24:15 Bloodlines
24:05 Husbandry
25:11 Bimaristan
25:20 Scale Barding Armor
25:26 Forging
26:33 Chain Barding Armor
27:13 Conscription
26:15 Elite Mameluke
27:16 Masonry
28:19 Iron Casting
28:37 Plate Barding Armor
29:30 Chemistry
28:42 Fletching
29:42 Hoardings
30:16 Blast Furnace
30:25 Fervor
30:36 Sanctity
32:28 Bodkin Arrow
32:55 Counterweights
33:17 Sanctity
33:08 Fervor
35:31 Two-Man Saw
34:40 Caravan
35:10 Coinage
35:19 Murder Holes
35:45 Ballistics
35:44 Bracer
37:31 Banking
46:32 Guard Tower
46:27 Arrowslits
48:07 Onager
51:20 Siege Onager
52:22 Block Printing
52:18 Redemption
52:44 Theocracy
52:34 Illumination
58:09 Keep
57:39 Siege Engineers
59:10 Scale Mail Armor
59:11 Padded Archer Armor
62:07 Leather Archer Armor
62:08 Chain Mail Armor
62:05 Fortified Wall
Connection lost

Rejoining the realm…

Still unreachable

The connection could not be restored.

Session expired

The server has moved on; the page needs a fresh start.